 Dungeon Crawl Stone Soup version 0.29-a0-243-g602b31c20e (webtiles) character file.

Game seed: 14486016540435340234

1368 drugrobin the Cleaver (level 8, 0/70 HPs)
             Began as a Demigod Fighter on Mar 5, 2022.
             Slain by a two-headed ogre
             ... wielding a +0 giant club
              (24 damage)
             ... on level 5 of the Dungeon.
             The game lasted 00:15:06 (7465 turns).

drugrobin the Cleaver (Demigod Fighter)             Turns: 7465, Time: 00:15:07

Health: 0/70       AC: 10    Str: 25    XL:     8   Next: 15%
Magic:  19/19      EV: 10    Int: 10    God:
Gold:   60         SH:  4    Dex: 13    Spells: 7/7 levels left

rFire   . . .      SeeInvis .   c - +1 dagger (venom)
rCold   + . .      Faith    .   j - +0 buckler
rNeg    . . .      Spirit   .   z - +4 ring mail {rC+}
rPois   .          Reflect  .   (no helmet)
rElec   .          Harm     .   (no cloak)
rCorr   .          Rampage  .   h - +0 pair of gloves
Will    .....                   (no boots)
Stlth   +.........              (no amulet)
HPRegen 0.21/turn               s - ring of magical power
MPRegen 0.16/turn               w - ring of flight

@: flying
A: high MP 1, forlorn, divine attributes
a: no special abilities


You were on level 5 of the Dungeon.
You visited 2 branches of the dungeon, and saw 7 of its levels.

You collected 270 gold pieces.
You spent 210 gold pieces at shops.

Inventory:

Hand Weapons
 a - a +0 war axe
 b - a +0 hunting sling
 c - a +1 dagger of venom (weapon)
 r - a +0 hand axe
 y - a +5 flail of protection
Missiles
 q - 6 boomerangs (quivered)
Armour
 h - a +0 pair of gloves (worn)
 j - a +0 buckler (worn)
 z - a +4 ring mail of cold resistance (worn)
Jewellery
 s - a ring of magical power (left hand)
 w - a ring of flight (right hand)
Scrolls
 f - a scroll of vulnerability
 m - 3 scrolls of magic mapping
 n - a scroll of enchant weapon {unknown}
 o - 2 scrolls of teleportation
 t - 2 scrolls of silence
 u - a scroll of brand weapon {unknown}
 x - a scroll of blinking
Potions
 d - 2 potions of might
 e - 2 potions of attraction
 g - a potion of invisibility {unknown}
 i - a potion of lignification
 k - a potion of haste
 l - a potion of heal wounds
 p - 3 potions of curing
 v - a potion of ambrosia {unknown}


   Skills:
 + Level 6.0 Fighting
 * Level 8.0 Axes
 - Level 2.6 Armour
 - Level 2.6 Shields


You had 7 spell levels left.
You didn't know any spells.
Your spell library contained the following spells:

 Spells                   Type           Power      Damage    Failure   Level
 Apportation              Tloc           0%         N/A       58%         1
 Gell's Gravitas          Tloc           0%         N/A       92%         3
 Lesser Beckoning         Tloc           0%         N/A       92%         3
 Teleport Other           Tloc           0%         N/A       92%         3
 Alistair's Intoxication  Tmut/Pois      0%         N/A       100%        5


Dungeon Overview and Level Annotations

Branches:
Dungeon (6/15)             Temple (1/1) D:4

Shops:
D:1 !   D:6 *


Innate Abilities, Weirdness & Mutations

You have an increased reservoir of magic. (+10% MP)
You shall have no god before yourself.
Your divine heritage dramatically boosts your attributes as you level up.


Message History

Done exploring.
Done exploring.
Unknown command.
You fly up into the air.
w - a ring of flight (right hand) Done exploring.
Done exploring.
Done exploring.
There is a stone staircase leading down here.
You fly downwards.
There is a stone staircase leading up here.
You are flying.
Your flying speed is average.
Your attack delay is about 1.2.
g - an inky potion
Found a ring of flight.
Found an escape hatch in the ceiling.
A jelly comes into view.
Unknown command.
Unknown command.
A two-headed ogre comes into view.
It is wielding a +0 giant club and a +0 great mace.
The jelly quivers.
The two-headed ogre shouts in stereo!
You hear an angry buzzing noise. x3
There is an escape hatch in the ceiling here.
Unknown command.
You block the two-headed ogre's attack.
The two-headed ogre hits you with a +0 great mace!
A mysterious force pulls you upwards. The hatch slams shut behind you.
Your +5 flail of protection goes still.
Your +1 dagger of venom begins to drip with poison!
c - a +1 dagger of venom (weapon)
You see here a +0 ring mail.
You hit the two-headed ogre.
The two-headed ogre is poisoned.
The two-headed ogre is lightly wounded.
The two-headed ogre hits you with a +0 giant club!
The two-headed ogre hits you with a +0 great mace!
You hit the two-headed ogre but do no damage.
The two-headed ogre looks even sicker.
The two-headed ogre is lightly wounded.
The two-headed ogre hits you with a +0 giant club!
The two-headed ogre hits you with a +0 great mace!!
You die...

#...... ########### #......
..........# #...... ....?.....#
#...... ..........# #......
......[...# ##..... #####.###.##
#######...... #.# #..#
########............ #.#
##.###.O@..........†..... #.#
##.....######............
#.###..##### #............
#.##...## #............
#.##....### #............
#..##.....##############.####
#####..##≈≈.≈≈........### #..#
#.......#≈≈≈≈≈≈.#####...#####.###
......≈≈#≈≈#≈≈≈≈≈...###..........


You could see a two-headed ogre (very poisoned).

Vanquished Creatures
  Edmund (D:5)
  Duvessa (D:5)
  2 black bears
  A sky beast (D:4)
  An ogre (D:4)
  A phantom (D:4)
  A bullfrog (D:4)
  A scorpion (D:4)
  Dowan (D:5)
  A jelly (D:4)
  A hound (D:4)
  3 orc priests (D:4)
  A gnoll shaman (D:4)
  3 iguanas
  4 orc wizards (D:4)
  3 adders
  4 gnolls
  A worm (D:2)
  12 dart slugs
  16 orcs
  6 ball pythons
  7 bats
  11 endoplasms
  2 giant cockroaches
  6 hobgoblins
  7 jackals
  8 kobolds
  2 quokkas
  4 frilled lizards
  4 goblins
  3 rats
119 creatures vanquished.

Notes
Turn   | Place    | Note
-------+----------+-------------------------------------------
     0 | D:1      | drugrobin the Demigod Fighter began the quest for the Orb.
     0 | D:1      | Reached XP level 1. HP: 18/18 MP: 3/3
    30 | D:1      | Reached skill level 2 in Axes
   298 | D:1      | Reached XP level 2. HP: 25/25 MP: 4/4
   303 | D:1      | Found Mogg's Distillery.
   741 | D:1      | You fall into a shaft and drop 1 floor!
   753 | D:2      | Reached skill level 3 in Axes
   753 | D:2      | Reached XP level 3. HP: 7/31 MP: 5/5
  1523 | D:2      | Reached XP level 4. HP: 21/38 MP: 6/6
  2413 | D:3      | Reached skill level 4 in Axes
  3108 | D:4      | Reached XP level 5. HP: 21/46 MP: 7/7
  3409 | D:4      | Noticed a black bear
  3632 | D:4      | Found a staircase to the Ecumenical Temple.
  3800 | D:5      | Entered Level 5 of the Dungeon
  3800 | D:5      | Noticed an ogre
  4043 | Temple   | Entered the Ecumenical Temple
  4331 | D:4      | Reached skill level 5 in Axes
  4396 | D:4      | Reached XP level 6. HP: 22/52 MP: 8/8
  5085 | D:5      | Noticed Dowan
  5085 | D:5      | Noticed Duvessa
  5448 | D:4      | Reached skill level 6 in Axes
  5448 | D:4      | Reached XP level 7. HP: 59/60 MP: 9/9
  5559 | D:3      | Reached skill level 5 in Fighting
  5795 | D:4      | Reached skill level 7 in Axes
  6275 | D:5      | Killed Duvessa
  6276 | D:5      | Reached XP level 8. HP: 69/70 MP: 10/10
  6293 | D:5      | Killed Dowan
  7188 | D:6      | Noticed Edmund
  7188 | D:6      | Found Sirat's General Store.
  7191 | D:6      | Bought a scroll of blinking for 105 gold pieces
  7191 | D:6      | Bought a scroll of silence for 105 gold pieces
  7224 | D:5      | Killed Edmund
  7225 | D:5      | Reached skill level 8 in Axes
  7429 | D:6      | Noticed a two-headed ogre
  7465 | D:5      | Slain by a two-headed ogre

Illustrated notes

Levels and vault maps discovered:
D:1:      dpeg_arrival_chambers_temple_mockup, layout_rooms, serial_shops,
          nicolae_shop_window_shopping, basic_ecumenical_altar
D:2:      layout_basic, nicolae_wormholes
D:3:      layout_rooms
D:4:      layout_basic, minmay_temple_entry_statues, hangedman_decor_peaks_small
D:5:      kennysheep_slugbush, layout_rooms, uniq_duvessa
D:6:      layout_loops_ring, serial_bayou_pond_d, nicolae_stop_n_shop_2,
          uniq_edmund
Temple:   grunt_wide_crystal_templ

Skill      XL: |  1  2  3  4  5  6  7  8 |
---------------+-------------------------+-----
Axes           | 2 3 4 5 6 7 8 |  8.0
Fighting       | 3 4 5 6 |  6.0
Armour         | |  2.6
Shields        | |  2.6

Action                   |  1- 3 |  4- 6 |  7- 9 || total
-------------------------+-------+-------+-------++-------
Melee: War axe           |    92 |   151 |    30 ||   273
       Dagger            |       |    28 |    66 ||    94
 Fire: Hunting sling     |       |    22 |       ||    22
Throw: Boomerang         |       |     2 |       ||     2
  Use: Potion            |     1 |     2 |       ||     3
       Scroll            |       |     6 |     2 ||     8
Armor: Scale mail        |     7 |       |       ||     7
       Plate armour      |    61 |   156 |    59 ||   276
Dodge: Dodged            |    22 |    50 |    30 ||   102
Block: Buckler           |    15 |    51 |    16 ||    82

Table legend: (Time is in decaauts)
 A = Elapsed time spent in this place.
 B = Non-inter-level travel time spent in this place.
 C = Inter-level travel time spent in this place.
 D = Time resting spent in this place.
 E = Time spent auto-exploring this place.
 F = Levels seen in this place.
 G = Mean time per level.
                   A        B        C        D        E       F      G
               +--------+--------+--------+--------+--------+-----+--------+
         Total |   7601 |   7255 |    346 |   2788 |   2681 |   7 | 1085.9 |
       Dungeon |   7414 |   7068 |    346 |   2603 |   2681 |   6 | 1235.7 |
        Temple |    186 |    186 |      0 |    185 |      0 |   1 |  186.0 |
               +--------+--------+--------+--------+--------+-----+--------+

Top non-repeatable levels by time:
     D:4: 2905 daAuts
     D:5: 1421 daAuts
     D:2: 1216 daAuts
     D:1: 1016 daAuts
     D:3: 794 daAuts
  Temple: 186 daAuts
     D:6: 60 daAuts
